 Dungeon Crawl Stone Soup version 0.27-a0-59-gfbafd837a3 (webtiles) character file.

Game seed: 17975229014460900305

2842 Borgoz the Slicer (level 10, -3/68 HPs)
             Began as a Halfling Gladiator on Jan 8, 2021.
             Was an Initiate of Ashenzari.
             Slain by an unseen horror (6 damage)
             ... on level 7 of the Dungeon.
             The game lasted 00:12:30 (9714 turns).

Borgoz the Slicer (Halfling Gladiator)              Turns: 9714, Time: 00:12:30

Health: -3/68      AC: 10    Str: 15    XL:     10   Next: 3%
Magic:  0/10       EV: 19    Int:  6    God:    Ashenzari [......]
Gold:   412        SH:  0    Dex: 20    Spells: 7/9 levels left

rFire    . . .     SeeInvis .   a - +0 rapier
rCold    . . .     Faith    .   (shield restricted)
rNeg     + . .     Spirit   +   h - +0 ring mail
rPois    .         Reflect  .   c - +0 helmet
rElec    .         Harm     .   (no cloak)
rCorr    .         Rampage  .   o - +1 pair of gloves
Will     .....                  (no boots)
Stlth    +.........             t - amulet of guardian spirit
HPRegen  0.21/turn              j - ring of positive energy
MPRegen  0.12/turn              (no ring)

@: no status effects
A: small, blurry vision 1, mutation resistance 1
a: Renounce Religion, Curse Item


You were on level 7 of the Dungeon.
You worshipped Ashenzari.
Ashenzari was noncommittal.
You visited 2 branches of the dungeon, and saw 8 of its levels.
You also visited: Sewer.

You collected 412 gold pieces.

Inventory:

Hand Weapons
 a - a +0 rapier (weapon)
Armour
 c - a +0 helmet (worn)
 h - a +0 ring mail (worn)
 o - a +1 pair of gloves (worn)
Jewellery
 j - a ring of positive energy (left hand)
 t - an amulet of guardian spirit (around neck)
 v - an uncursed amulet of regeneration
 w - an uncursed ring of positive energy
Wands
 p - a wand of disintegration (13)
Scrolls
 g - 3 scrolls of remove curse
 i - a scroll of teleportation
 r - a scroll of magic mapping
Potions
 d - a potion of magic
 f - a potion of might
 l - a potion of invisibility
 m - a potion of resistance
 n - 2 potions of flight
 q - a potion of haste {unknown}
 s - 3 potions of mutation
 u - a potion of berserk rage {unknown}


   Skills:
 + Level 6.2 Fighting
 + Level 8.7 Short Blades
 - Level 2.0 Throwing
 + Level 7.0 Armour
 + Level 7.9 Dodging


You had 7 spell levels left.
You knew the following spells:

 Your Spells              Type           Power        Failure   Level
a - Blink                 Tloc           N/A          80%         2

Your spell library contained the following spells:

 Spells                   Type           Power        Failure   Level
 Animate Skeleton         Necr           0%           65%         1
 Apportation              Tloc           0%           65%         1
 Corona                   Hex            0%           65%         1
 Magic Dart               Conj           0%           65%         1
 Pain                     Necr           0%           65%         1
 Summon Small Mammal      Summ           0%           65%         1
 Call Imp                 Summ           0%           80%         2
 Slow                     Hex            0%           80%         2
 Conjure Flame            Conj/Fire      0%           95%         3
 Mephitic Cloud           Conj/Pois/Air  0%           95%         3
 Vampiric Draining        Necr           0%           95%         3
 Animate Dead             Necr           0%           100%        4
 Agony                    Necr           0%           100%        5


Dungeon Overview and Level Annotations

Branches:
Dungeon (7/15)             Temple (1/1) D:6           Sewer (visited)

Altars:
Ashenzari
Cheibriados
Elyvilon
Fedhas
Gozag
Hepliaklqana
Makhleb
Nemelex Xobeh
Okawaru
Qazlal
Ru
Sif Muna
Trog
Uskayaw
Vehumet
Wu Jian
Xom
Yredelemnul
Zin
The Shining One

Shops:
D:4 ?

Annotations:
D:5 1 runed translucent door, kae's ghost, novice DsGl


Innate Abilities, Weirdness & Mutations

You are small and have problems with some larger weapons.
You are somewhat resistant to further mutation.
Scrolls take you a little longer to read.


Message History

You hit something but do no damage. Something hits you but does no damage.
You hit something. Something hits you.
* * * LOW HITPOINT WARNING * * *
You swing at nothing.
Something hits you.
* * * LOW HITPOINT WARNING * * *
You swing at nothing.
Something hits you but does no damage.
You closely miss something. Something hits you but does no damage.
You swing at nothing.
Something hits you but does no damage.
You swing at nothing.
Something barely misses you.
You hit something but do no damage. Something hits you but does no damage.
You swing at nothing.
You hit something. Something barely misses you. Something hits you.
* * * LOW HITPOINT WARNING * * *
You hit something. Something hits you.
* * * LOW HITPOINT WARNING * * *
You closely miss something. Something hits you but does no damage.
Something hits you.
* * * LOW HITPOINT WARNING * * *
You miss something. Something hits you.
You die...

.....##.##.##.#######
.....##.............#
.....##.##.##.###.#.######
.....##.##.##.##.........#
.....##.#..##.##.###'###.#
........#.###.##.# #.# #.#
.....##.#.###.##.###.###.#
#######.......##.###_..'.#
#........######@###.###.#
#.####...# ##{# #.# #.##
#.####...# ##..###'###..#######
#.##.....# ##...................
#.##.#..####..###.##.#####.#####
##.##.#..#
#.#...................
.........#
##..###.########.##.##
#.......## ##......# #.##.##
#.####### #...##### #......


There were no monsters in sight!

Vanquished Creatures
  An ugly thing (D:7)
  Grinder (D:6)
  Prince Ribbit (D:7)
  2 orc warriors (D:7)
  2 ice beasts
  2 ogres (D:5)
  2 centaurs (D:6)
  A big kobold (Sewer)
  The ghost of Megustar the Firebug, an amateur DEFE (D:4)
  3 bullfrogs
  A scorpion (D:6)
  A crimson imp (D:4)
  A quasit (D:7)
  A bullfrog zombie (D:4)
  A jelly (D:5)
  7 orc priests
  2 hounds
  2 iguanas
  A bullfrog skeleton (D:5)
  3 worker ants
  4 orc wizards
  5 hound skeletons
  A howler monkey zombie (D:5)
  A howler monkey skeleton (D:4)
  7 adders
  5 river rats
  2 shadow imps
  2 white imps
  3 ufetubi (D:6)
  An ooze (D:1)
  2 adder zombies (D:6)
  An adder skeleton (D:4)
  2 worms
  A dart slug (D:5)
  4 leopard geckos
  13 orcs
  7 bats
  7 giant cockroaches
  2 goblins
  5 hobgoblins
  11 jackals
  11 kobolds
  4 quokkas
  3 frilled lizards
  A giant cockroach zombie (D:4)
  A leopard gecko skeleton (D:6)
  2 leopard gecko zombies
  2 quokka skeletons
  6 rats
152 creatures vanquished.

Notes
Turn   | Place    | Note
-------+----------+-------------------------------------------
     0 | D:1      | Borgoz the Halfling Gladiator began the quest for the Orb.
     0 | D:1      | Reached XP level 1. HP: 14/14 MP: 1/1
   308 | D:1      | Reached XP level 2. HP: 19/19 MP: 2/2
   877 | D:1      | Reached skill level 1 in Armour
   938 | D:1      | Reached skill level 4 in Short Blades
   938 | D:1      | Reached XP level 3. HP: 17/24 MP: 3/3
  1280 | D:2      | Reached XP level 4. HP: 19/30 MP: 4/4
  1548 | D:2      | Found a shimmering blue altar of Sif Muna.
  2429 | D:3      | Reached XP level 5. HP: 35/35 MP: 5/5
  2905 | D:4      | Found a transporter.
  2905 | D:4      | Noticed Megustar's ghost (amateur DEFE)
  2942 | D:4      | Found Cowa's Magic Scroll Emporium.
  2989 | D:4      | Found a transporter.
  2996 | D:4      | Reached XP level 6. HP: 42/42 MP: 6/6
  3106 | D:4      | Reached skill level 5 in Short Blades
  3645 | D:4      | Killed Megustar's ghost
  3646 | D:4      | Reached XP level 7. HP: 45/46 MP: 7/7
  3667 | D:4      | Reached skill level 5 in Dodging
  3781 | D:5      | Entered Level 5 of the Dungeon
  3939 | D:5      | Found a glowing drain.
  3977 | Sewer    | Entered a sewer
  4324 | Sewer    | Found a white marble altar of Elyvilon.
  4533 | D:5      | Reached skill level 6 in Short Blades
  4710 | D:5      | Reached XP level 8. HP: 8/54 MP: 1/8
  5687 | D:5      | Found a runed translucent door.
  6268 | D:5      | Noticed kae's ghost (novice DsGl)
  6358 | D:6      | Reached skill level 5 in Armour
  6418 | D:6      | Reached skill level 7 in Short Blades
  6680 | D:6      | Noticed Grinder
  6708 | D:6      | Paralysed by Grinder for 2 turns
  6726 | D:6      | Paralysed by Grinder for 3 turns
  6741 | D:6      | Paralysed by Grinder for 3 turns
  6749 | D:6      | Killed Grinder
  6750 | D:6      | Reached skill level 5 in Fighting
  6750 | D:6      | Reached XP level 9. HP: 36/61 MP: 6/9
  6901 | D:6      | Found a staircase to the Ecumenical Temple.
  6919 | Temple   | Entered the Ecumenical Temple
  7131 | Temple   | Became a worshipper of Ashenzari the Shackled
  7657 | D:6      | Learned a level 2 spell: Blink
  8171 | D:7      | Reached skill level 8 in Short Blades
  8258 | D:7      | Noticed a white ugly thing
  8273 | D:7      | Killed a white ugly thing
  8433 | D:7      | Found a blossoming altar of Fedhas.
  8521 | D:7      | Noticed Prince Ribbit
  8543 | D:7      | Killed Prince Ribbit
  8817 | D:7      | Reached XP level 10. HP: 15/68 MP: 1/10
  9289 | D:7      | Gained mutation: Scrolls take you a little longer to read.
                  | [potion of mutation]
  9292 | D:7      | HP: 3/68 [something (3)]
  9713 | D:7      | HP: 2/68 [something (5)]
  9714 | D:7      | Slain by an unseen horror

Illustrated notes

Levels and vault maps discovered:
D:1:      zaba_arrival_water, layout_basic
D:2:      layout_basic, overflow_temple_1_default
D:3:      layout_rooms
D:4:      layout_loops_ring, serial_shops, shop, gammafunk_ghost_mausoleum,
          minmay_fire_ice_demons
D:5:      layout_basic, ebering_ghost_reflecting_pool,
          cheibrodos_sewer_entry_sluice, ldierk_geyser, st_stairs_13,
          kennysheep_dice
D:6:      layout_basic, minmay_temple_entry_trees, uniq_grinder
D:7:      layout_loops_cross, lemuel_doored_altar, gammafunk_ghost_smash,
          uniq_prince_ribbit1
Temple:   eino_narrow_crystal_temple

Skill      XL: |  1  2  3  4  5  6  7  8  9 10 |
---------------+-------------------------------+-----
Fighting       | 2 3 4 5 6 |  6.2
Armour         | 1 2 3 4 5 6 7 |  7.0
Short Blades   | 4 5 6 7 8 |  8.7
Dodging        | 4 5 6 7 |  7.9
Throwing       | |  2.0

Action                   |  1- 3 |  4- 6 |  7- 9 | 10-12 || total
-------------------------+-------+-------+-------+-------++-------
Melee: Short sword       |   115 |   140 |       |       ||   255
       Rapier            |     3 |   131 |   542 |    65 ||   741
Throw: Throwing net      |       |       |     4 |     1 ||     5
  Use: Scroll            |       |    11 |     1 |     1 ||    13
       Potion            |       |       |     9 |     7 ||    16
 Stab: Held in net/web   |       |       |     7 |     1 ||     8
Armor: Leather armour    |    16 |       |       |       ||    16
       Ring mail         |    15 |    67 |   131 |    38 ||   251
Dodge: Dodged            |    92 |   233 |   436 |    34 ||   795

Table legend: (Time is in decaauts)
 A = Elapsed time spent in this place.
 B = Non-inter-level travel time spent in this place.
 C = Inter-level travel time spent in this place.
 D = Time resting spent in this place.
 E = Time spent auto-exploring this place.
 F = Levels seen in this place.
 G = Mean time per level.
                   A        B        C        D        E       F      G
               +--------+--------+--------+--------+--------+-----+--------+
         Total |   9627 |   9321 |    306 |   1871 |   5857 |   9 | 1069.7 |
       Dungeon |   8999 |   8713 |    286 |   1657 |   5522 |   7 | 1285.6 |
        Temple |    218 |    198 |     20 |      0 |    197 |   1 |  218.0 |
         Sewer |    409 |    409 |      0 |    214 |    137 |   1 |  409.0 |
               +--------+--------+--------+--------+--------+-----+--------+

Top non-repeatable levels by time:
     D:5: 2150 daAuts
     D:7: 1794 daAuts
     D:6: 1299 daAuts
     D:4: 1166 daAuts
     D:1: 1163 daAuts
     D:2: 911 daAuts
     D:3: 513 daAuts
   Sewer: 409 daAuts
  Temple: 218 daAuts
